 Seeded DCSS version 0.29.1-13-g9f3cf754e1 (webtiles) character file.

Game seed: 8611483013522864996 (custom seed)

13140 hbarley the Severer (level 12, -10/107 HPs)
             Began as a Hill Orc Fighter on Feb 3, 2023.
             Was an Elder of Uskayaw.
             Mangled by a 14-headed hydra (11 damage)
             ... on level 10 of the Dungeon.
             The game lasted 00:25:04 (10110 turns).

hbarley the Severer (Hill Orc Fighter)             Turns: 10110, Time: 00:25:05

Health: -10/107    AC: 30    Str: 28    XL:     12   Next: 2%
Magic:  12/12      EV:  8    Int:  8    God:    Uskayaw [****..]
Gold:   447        SH:  5    Dex: 12    Spells: 11/11 levels left

rFire   . . .      SeeInvis .   l - +3 war axe (elec)
rCold   . . .      Faith    .   c - +0 buckler
rNeg    . . .      Spirit   .   a - +0 plate armour
rPois   .          Reflect  .   L - +2 hat {Will+}
rElec   .          Harm     .   j - +0 cloak {rCorr}
rCorr   +          Rampage  .   C - +2 pair of gloves of Uryev {Fly Str+6 Slay+2}
Will    +....                   I - +0 pair of boots
Stlth   ..........              (no amulet)
HPRegen 0.27/turn               p - +4 ring of protection
MPRegen 0.13/turn               w - +4 ring of protection

@: about to teleport, flying, studying Unarmed Combat
A: no striking features
a: Renounce Religion, Stomp, Line Pass


You were on level 10 of the Dungeon.
You worshipped Uskayaw.
Uskayaw was noncommittal.
You visited 1 branch of the dungeon, and saw 10 of its levels.
You also visited: Ossuary and Bailey.

You collected 447 gold pieces.

Inventory:

Hand Weapons
 l - a +3 war axe of electrocution (weapon)
Missiles
 b - 14 poisoned darts
 s - 2 throwing nets (quivered)
Armour
 a - a +0 plate armour (worn)
 c - a +0 buckler (worn)
 j - a +0 cloak of preservation (worn)
 C - the +2 pair of gloves of Uryev (worn) {Fly Str+6 Slay+2}
   (You acquired it in an ossuary)

   Str:       It affects your strength (+6).
   Slay:      It affects your accuracy & damage with ranged weapons and melee
   (+2).
   Fly:       It grants you flight.
 E - a +0 helmet
 I - a +0 pair of boots (worn)
 L - a +2 hat of willpower (worn)
Jewellery
 p - a +4 ring of protection (left hand)
 v - a ring of wizardry
 w - a +4 ring of protection (right hand)
Wands
 K - a wand of flame (6)
 R - a wand of charming (3)
Scrolls
 e - a scroll of summoning
 f - a scroll of identify
 h - 2 scrolls of fear
 i - 5 scrolls of teleportation
 n - 2 scrolls of enchant armour
 o - 4 scrolls of magic mapping
 r - 3 scrolls of poison {unknown}
 x - 2 scrolls of enchant weapon
 y - 2 scrolls of vulnerability {unknown}
 F - 2 scrolls of blinking {unknown}
 G - 2 scrolls of silence
 H - a scroll of brand weapon {unknown}
 M - a scroll of immolation {unknown}
 P - 2 scrolls of butterflies {unknown}
Potions
 d - a potion of might
 g - 6 potions of degeneration
 k - 8 potions of heal wounds
 m - a potion of magic {unknown}
 q - 3 potions of haste
 t - a potion of brilliance {unknown}
 u - 2 potions of attraction {unknown}
 z - 4 potions of mutation
 A - 3 potions of cancellation
 B - 4 potions of ambrosia
 D - a potion of flight {unknown}
 J - 2 potions of curing
 N - a potion of invisibility {unknown}
 O - a potion of resistance {unknown}
 Q - a potion of berserk rage {unknown}


   Skills:
 + Level 10.5 Fighting
 + Level 16.5 Axes
 + Level 8.7 Armour
 + Level 2.5 Dodging
 + Level 5.8 Stealth
 + Level 5.6 Shields
 + Level 1.9 Evocations


You had 11 spell levels left.
You didn't know any spells.
Your spell library contained the following spells:

 Spells                   Type           Power      Damage    Failure   Level
 Ensorcelled Hibernation  Hex/Ice        0%         N/A       100%        2
 Spider Form              Tmut/Pois      0%         N/A       100%        3
 Anguish                  Hex/Necr       0%         N/A       100%        4
 Animate Dead             Necr           0%         N/A       100%        4
 Hailstorm                Conj/Ice       0%         3d3       100%        4
 Ice Form                 Ice/Tmut       0%         N/A       100%        4
 Borgnjor's Vile Clutch   Necr/Erth      0%         N/A       100%        5
 Fireball                 Conj/Fire      0%         3d3       100%        5
 Death Channel            Necr           0%         N/A       100%        6
 Simulacrum               Ice/Necr       0%         N/A       100%        6
 Starburst                Conj/Fire      0%         6d3       100%        6
 Ignition                 Fire           0%         3d3       100%        8


Dungeon Overview and Level Annotations

Branches:
Dungeon (10/15)            Temple (0/1) D:4            Lair (0/5) D:8
Ossuary (visited)          Bailey (visited)
    Orc: D:9-12

Altars:
Elyvilon
Makhleb
Nemelex Xobeh
Trog
Uskayaw
Xom
Yredelemnul
Zin
The Shining One

Shops:
D:7 :   D:9 =


Message History

Uskayaw will force your foes to helplessly watch your dance.
You slice one of the 12-headed hydra's heads off!
The 11-headed hydra grows two more!
You slice the 13-headed hydra!!
The 13-headed hydra is severely wounded.
The 13-headed hydra bites you. You block the 13-headed hydra's attack.
The 13-headed hydra bites you but does no damage.
The 13-headed hydra barely misses you. The 13-headed hydra bites you!
* * * LOW HITPOINT WARNING * * *
The 13-headed hydra bites you!
* * * LOW HITPOINT WARNING * * *
The 13-headed hydra bites you but does no damage. x4
You block the 13-headed hydra's attack.
The 13-headed hydra bites you but does no damage. x2
You completely miss the 13-headed hydra.
The 13-headed hydra is severely wounded.
The 13-headed hydra bites you!
* * * LOW HITPOINT WARNING * * *
The 13-headed hydra bites you but does no damage.
The 13-headed hydra barely misses you. You block the 13-headed hydra's attack.
The 13-headed hydra bites you but does no damage.
The 13-headed hydra closely misses you.
The 13-headed hydra bites you but does no damage. x3
The 13-headed hydra barely misses you. The 13-headed hydra bites you!
* * * LOW HITPOINT WARNING * * *
The 13-headed hydra barely misses you. You block the 13-headed hydra's attack.
You hack one of the 13-headed hydra's heads off!
The 12-headed hydra grows two more!
You hit the 14-headed hydra.
The 14-headed hydra is heavily wounded.
Uskayaw will force your foes to share their pain.
As you read the scroll of teleportation, it crumbles to dust.
You feel strangely unstable. You block the 14-headed hydra's attack.
The 14-headed hydra bites you but does no damage. x3
The 14-headed hydra barely misses you. You block the 14-headed hydra's attack.
The 14-headed hydra bites you.
* * * LOW HITPOINT WARNING * * *
The 14-headed hydra bites you but does no damage. x2
The 14-headed hydra barely misses you. The 14-headed hydra bites you.
* * * LOW HITPOINT WARNING * * *
The 14-headed hydra barely misses you. The 14-headed hydra bites you!
You die...

#. ## ###.# #.#.# #.#.#
#...# #...# #.#.D#(.#.#
#...... #...#@#...#
##...... #.#...#.#
##.##...... #..#..#
#.#.# ......
##...###...# .#.....
#.###.#.#..# .#.....
..##.##...#.##.#.....
...##...##...##.##.....
### #..#####.#.#....
###..#).#.##....


You could see a 14-headed hydra.

Vanquished Creatures
  Gastronok (D:8)
  2 vault guards (Bailey)
  2 boulder beetles (D:9)
  A two-headed ogre (D:8)
  A tengu warrior (D:10)
  A deep elf pyromancer (D:9)
  A komodo dragon (D:8)
  A troll (D:9)
  A hornet (D:7)
  Prince Ribbit (D:8)
  A blink frog (Bailey)
  A vampire (D:9)
  A wraith (D:10)
  A fire elemental (D:9)
  5 humans (Bailey)
  7 yaks (D:9)
  Grum (D:8)
  3 steam dragons
  Edmund (D:5)
  2 sky beasts
  4 black bears
  3 ice beasts
  8 orc warriors
  2 ogres
  2 wolves (D:8)
  A phantom (D:7)
  3 kobold brigands
  11 bullfrogs
  A gnoll sergeant (D:7)
  2 scorpions
  A necrophage (D:5)
  A wight (D:7)
  4 killer bees (D:6)
  A howler monkey (D:5)
  4 hounds
  6 orc priests (D:9)
  A human zombie (Ossuary)
  2 iguanas
  12 orc wizards
  A hound zombie (Ossuary)
  4 mummies (Ossuary)
  5 adders
  3 gnolls (D:7)
  A shadow imp (D:7)
  A white imp (D:8)
  2 adder zombies (Ossuary)
  4 worms (D:2)
  3 dart slugs
  36 orcs
  4 bats
  2 endoplasms
  2 giant cockroaches (D:2)
  3 gnoll zombies (Ossuary)
  7 hobgoblins
  5 jackals
  16 kobolds
  6 quokkas
  4 ball pythons
  2 frilled lizards (D:1)
  14 goblins
  A hobgoblin zombie (Ossuary)
  A jackal zombie (Ossuary)
  A kobold zombie (Ossuary)
  An orc zombie (Ossuary)
  4 rats
  A rat zombie (Ossuary)
238 creatures vanquished.

Vanquished Creatures (others)
  A wizard (D:8)
  3 plants (D:8)
4 creatures vanquished.

Grand Total: 242 creatures vanquished

Notes
Turn   | Place    | Note
-------+----------+-------------------------------------------
     0 | D:1      | hbarley the Hill Orc Fighter began the quest for the Orb.
     0 | D:1      | Reached XP level 1. HP: 19/19 MP: 1/1
   193 | D:1      | Reached skill level 3 in Axes
   193 | D:1      | Reached XP level 2. HP: 22/27 MP: 2/2
   398 | D:1      | Found a faded altar of an unknown god.
   765 | D:2      | Reached XP level 3. HP: 33/33 MP: 3/3
  1173 | D:2      | Reached XP level 4. HP: 36/40 MP: 4/4
  1469 | D:2      | Reached skill level 4 in Axes
  1963 | D:3      | Found a basalt altar of Yredelemnul.
  2546 | D:3      | Found a sparkling altar of Nemelex Xobeh.
  2546 | D:3      | Found a hide-covered altar of Uskayaw.
  2554 | D:3      | Found a faded altar of an unknown god.
  2557 | D:3      | Became a worshipper of Uskayaw the Reveller
  2561 | D:3      | Found a faded altar of an unknown god.
  2563 | D:3      | Found a shimmering altar of Xom.
  2665 | D:4      | Found a sand-covered staircase.
  2675 | Ossuary  | Entered an ossuary
  2680 | Ossuary  | Reached * piety under Uskayaw
  2682 | Ossuary  | Reached ** piety under Uskayaw
  2684 | Ossuary  | Reached *** piety under Uskayaw
  2686 | Ossuary  | Reached XP level 5. HP: 39/46 MP: 5/5
  2687 | Ossuary  | Reached **** piety under Uskayaw
  2703 | Ossuary  | Reached skill level 5 in Axes
  2841 | Ossuary  | Reached skill level 1 in Stealth
  3167 | Ossuary  | Identified 2 scrolls of acquirement
  3168 | Ossuary  | Acquired the +2 pair of gloves of Uryev {Fly Str+6 Slay+2}
  3169 | Ossuary  | Acquired a +2 war axe of electrocution
  3241 | D:4      | Reached skill level 1 in Dodging
  3241 | D:4      | Reached XP level 6. HP: 53/53 MP: 6/6
  3281 | D:4      | Found a glowing silver altar of Zin.
  3285 | D:4      | Found a staircase to the Ecumenical Temple.
  3444 | D:4      | Found a glowing golden altar of the Shining One.
  3457 | D:4      | Identified the +2 cloak of the Wilderness {rCorr Str+2
                  | Int+4}
  3513 | D:4      | Reached skill level 6 in Axes
  4250 | D:5      | Entered Level 5 of the Dungeon
  4278 | D:5      | Noticed an ice beast
  4285 | D:5      | Killed an ice beast
  4286 | D:5      | Reached skill level 7 in Axes
  4286 | D:5      | Reached XP level 7. HP: 60/60 MP: 7/7
  4336 | D:5      | Noticed Edmund
  4342 | D:5      | Reached skill level 5 in Fighting
  4345 | D:5      | Killed Edmund
  4346 | D:5      | Reached skill level 8 in Axes
  4718 | D:5      | Reached XP level 8. HP: 63/68 MP: 8/8
  5473 | D:6      | Reached skill level 9 in Axes
  5473 | D:6      | Reached skill level 5 in Armour
  5798 | D:6      | Reached skill level 10 in Axes
  5998 | D:6      | Reached XP level 9. HP: 75/75 MP: 9/9
  6297 | D:7      | Noticed a hornet
  6300 | D:7      | Reached skill level 11 in Axes
  6302 | D:7      | Paralysed by a hornet for 3 turns
  6307 | D:7      | Reached ***** piety under Uskayaw
  6308 | D:7      | Killed a hornet
  6314 | D:7      | Reached ****** piety under Uskayaw
  6376 | D:7      | Reached skill level 5 in Shields
  6593 | D:7      | Reached skill level 12 in Axes
  6895 | D:7      | Found Wotah's Book Shop.
  7085 | D:8      | Noticed Gastronok
  7110 | D:8      | Killed Gastronok
  7111 | D:8      | Reached skill level 13 in Axes
  7111 | D:8      | Reached XP level 10. HP: 28/88 MP: 10/10
  7512 | D:8      | Found a staircase to the Lair.
  7520 | D:8      | Noticed Prince Ribbit
  7525 | D:8      | Killed Prince Ribbit
  7615 | D:8      | Found a burning altar of Makhleb.
  7639 | D:8      | Noticed Grum
  7641 | D:8      | Noticed a two-headed ogre
  7646 | D:8      | Reached skill level 1 in Evocations
  7646 | D:8      | Killed Grum
  7650 | D:8      | Killed a two-headed ogre
  7651 | D:8      | Reached skill level 14 in Axes
  7945 | D:8      | Found a bloodstained altar of Trog.
  7947 | D:8      | Noticed a wizard
  7952 | D:8      | Killed a wizard
  8337 | D:9      | Found a flagged portal.
  8350 | Bailey   | Entered a bailey
  8385 | Bailey   | Reached XP level 11. HP: 95/95 MP: 11/11
  8410 | Bailey   | Reached skill level 15 in Axes
  8422 | Bailey   | Noticed a vault guard
  8433 | Bailey   | Killed a vault guard
  8454 | Bailey   | Noticed a vault guard
  8459 | Bailey   | Reached skill level 5 in Stealth
  8462 | Bailey   | Killed a vault guard
  8807 | D:9      | Noticed a deep elf pyromancer
  8819 | D:9      | Killed a deep elf pyromancer
  8941 | D:9      | Noticed a boulder beetle
  8965 | D:9      | Killed a boulder beetle
  8966 | D:9      | Reached skill level 16 in Axes
  9165 | D:9      | Noticed a boulder beetle
  9180 | D:9      | Killed a boulder beetle
  9181 | D:9      | Reached skill level 10 in Fighting
  9378 | D:9      | Found a white marble altar of Elyvilon.
  9679 | D:9      | Found Jeviugh's Jewellery Boutique.
 10050 | D:10     | Entered Level 10 of the Dungeon
 10069 | D:10     | Noticed a tengu warrior
 10074 | D:10     | Killed a tengu warrior
 10075 | D:10     | Reached XP level 12. HP: 103/107 MP: 12/12
 10101 | D:10     | Noticed a seven-headed hydra
 10108 | D:10     | HP: 5/107 [13-headed hydra (8)]
 10110 | D:10     | HP: 2/107 [14-headed hydra (3)]
 10110 | D:10     | Mangled by a 14-headed hydra

Illustrated notes

Levels and vault maps discovered:
D:1:      dpeg_arrival_fog, layout_basic, chequers_ecumenical_altar_simple
D:2:      layout_loops_cross, grunt_decor_clamped, grunt_decor_junction,
          kennysheep_generic_room_13
D:3:      layout_loops_ring, mainiacjoe_overflow_paths,
          chequers_temple_overflow_minitemple
D:4:      layout_basic, lemuel_round_altar, lemuel_tele_altar,
          minmay_temple_entry_wispy, nicolae_ossuary_entry_ruins
D:5:      layout_basic, dk_vineyard_2, uniq_edmund
D:6:      layout_basic, st_stairs_9, minmay_tree_intersection
D:7:      layout_rooms, serial_shops, nicolae_take_the_stairs,
          minmay_manual_mess
D:8:      layout_basic, trog_wizard, nicolae_overflow_crystal_walls,
          david_lair_shrubbed, uniq_gastronok, uniq_prince_ribbit1, uniq_grum
D:9:      layout_roguey, elyvilon_altar_3, enter_bailey_3, serial_shops, shop,
          dilly_guarded_unrand_elemental_staff
D:10:     minmay_ornate_pinched, layout_irregular_city,
          mainiacjoe_overflow_boulevard, mainiacjoe_overflow_alcove_1,
          mainiacjoe_overflow_six_doors_small, kennysheep_little_box,
          minivault_28

Skill      XL: |  1  2  3  4  5  6  7  8  9 10 11 |
---------------+----------------------------------+-----
Axes           | 3 4 5 7 8 10 13 14 16 | 16.5
Fighting       | 4 5 8 10 | 10.5
Shields        | 4 5 |  5.6
Stealth        | 1 3 4 5 |  5.8
Armour         | 4 5 6 7 8 |  8.7
Dodging        | 1 2 |  2.5
Evocations     | 1 |  1.9

Action                   |  1- 3 |  4- 6 |  7- 9 | 10-12 || total
-------------------------+-------+-------+-------+-------++-------
Melee: War axe           |    90 |   145 |   214 |   162 ||   611
Evoke: Wand              |       |       |     4 |     5 ||     9
  Use: Scroll            |       |    14 |     2 |     4 ||    20
       Potion            |       |       |     1 |     1 ||     2
 Stab: Paralysed         |       |     7 |    11 |    17 ||    35
Armor: Scale mail        |    47 |    98 |    61 |       ||   206
       Chain mail        |       |       |     5 |       ||     5
       Plate armour      |       |       |   105 |   128 ||   233
Dodge: Dodged            |    35 |    82 |    68 |    57 ||   242
Block: Buckler           |    19 |    42 |    30 |    34 ||   125
